AoeStats
← Diheadwarlord

Arena

505308396Analyzed
4v4 RM · 25d ago on Sep 8, 2026· 54m 52s· 8 players
Game mode
Random Map
Map size
Large (8 player)
Population
200
Speed
Normal
Resources
Standard
Victory
Conquest
Starting age
Dark Age
Ending age
Imperial Age
RankedLock teamsTeams togetherTeam positionsShared explorationLock speedFull tech treeHidden civsTurbo modeCheats
Victory
Defeat
🇺🇸 Cumans · United States
1331
+11
🇮🇳 Vietnamese · India
1288
+13
🇬🇧 Celts · United Kingdom
1285
+13
🇩🇪 Goths · Germany
1264
+14
🇬🇧 Magyars · United Kingdom
1296
-16
🇦🇷 Teutons · Argentina
1213
-12
🇷🇺 Ethiopians · Russia
1209
-12
🇳🇱 Cumans · Netherlands
1184
-11
a.l.a.n.t
12:00 Feudal Age
12:56 Double-Bit Axe
12:58 Horse Collar
15:49 Castle Age
17:21 Wheelbarrow
16:57 Bow Saw
23:55 Heavy Plow
26:35 Scale Mail Armor
29:57 Imperial Age
27:28 Pikeman
27:56 Arson
27:56 Gambesons
29:17 Chain Mail Armor
29:12 Forging
29:21 Loom
30:03 Ballistics
30:24 Heavy Scorpion
32:51 Chemistry
31:43 Gold Mining
31:53 Capped Ram
32:04 Halberdier
32:56 Siege Ram
34:43 Conscription
48:15 Plate Mail Armor
48:21 Iron Casting
48:02 Furor Celtica
Chloroxid
10:33 Feudal Age
8:51 Loom
14:34 Castle Age
12:58 Double-Bit Axe
12:56 Horse Collar
16:39 Bow Saw
20:39 Wheelbarrow
23:34 Gold Mining
24:18 Hand Cart
27:32 Imperial Age
25:26 Squires
25:38 Heavy Plow
26:38 Padded Archer Armor
26:40 Scale Mail Armor
26:50 Forging
26:02 Pikeman
27:14 Masonry
26:57 Fletching
26:57 Town Watch
29:19 Chemistry
29:24 Two-Man Saw
28:42 Leather Archer Armor
28:46 Chain Mail Armor
28:21 Fletching
28:17 Man-at-Arms
28:24 Halberdier
29:46 Iron Casting
32:49 Ring Archer Armor
32:53 Architecture
31:50 Capped Ram
34:07 Long Swordsman
36:14 Caravan
38:11 Blast Furnace
39:19 Two-Handed Swordsman
48:03 Perfusion
48:06 Anarchy
48:26 Conscription
47:27 Elite Huskarl
51:45 Elite Huskarl
54:41 Scale Barding Armor
54:33 Bodkin Arrow
54:37 Murder Holes
XxBuzzXx
10:14 Loom
12:10 Feudal Age
16:20 Castle Age
14:18 Horse Collar
15:04 Double-Bit Axe
17:42 Bow Saw
17:34 Heavy Plow
25:18 Stone Mining
26:20 Gold Mining
29:31 Imperial Age
27:59 Chatras
28:33 Bloodlines
29:38 Wheelbarrow
29:10 Scale Barding Armor
29:16 Forging
30:14 Husbandry
31:34 Iron Casting
31:20 Chain Barding Armor
31:08 Elite Battle Elephant
36:19 Fletching
36:30 Padded Archer Armor
38:13 Bodkin Arrow
38:34 Leather Archer Armor
39:26 Bracer
40:25 Ring Archer Armor
40:34 Plate Barding Armor
41:40 Light Cavalry
43:12 Fortified Wall
43:41 Ring Archer Armor
44:52 Two-Man Saw
45:35 Ballistics
46:18 Chemistry
47:49 Elite Rattan Archer
51:04 Treadmill Crane
54:50 Hand Cart
Diheadwarlord
6:48 Loom
8:55 Feudal Age
9:45 Man-at-Arms
13:05 Double-Bit Axe
14:47 Horse Collar
23:12 Castle Age
23:02 Wheelbarrow
23:09 Scale Mail Armor
23:20 Forging
23:38 Fletching
23:48 Padded Archer Armor
23:26 Pikeman
24:06 Squires
28:59 Imperial Age
27:21 Hand Cart
27:45 Gold Mining
28:09 Bow Saw
28:12 Bodkin Arrow
30:20 Leather Archer Armor
33:19 Ring Archer Armor
33:36 Conscription
34:25 Ballistics
34:50 Bloodlines
36:02 Chemistry
36:33 Parthian Tactics
36:13 Thumb Ring
35:40 Elite Kipchak
36:13 Light Cavalry
37:19 Scale Barding Armor
37:50 Iron Casting
37:22 Steppe Husbandry
38:06 Hussar
40:40 Chain Barding Armor
41:21 Blast Furnace
41:11 Heavy Plow
41:56 Plate Barding Armor
42:05 Masonry
43:15 Gold Shaft Mining
43:42 Two-Man Saw
47:54 Cuman Mercenaries
50:23 Cavalier
54:43 Paladin
11VillagerIdle
11:28 Feudal Age
13:33 Loom
15:52 Castle Age
14:26 Double-Bit Axe
15:05 Horse Collar
16:23 Gold Mining
24:07 Heavy Plow
25:41 Wheelbarrow
30:10 Imperial Age
27:50 Town Watch
28:26 Scale Barding Armor
28:14 Fletching
29:22 Bloodlines
30:47 Husbandry
31:41 Chain Barding Armor
33:04 Chemistry
32:26 Ballistics
33:03 Plate Barding Armor
32:27 Bodkin Arrow
33:31 Masonry
33:31 Padded Archer Armor
33:29 Murder Holes
33:34 Cavalier
36:50 Hand Cart
37:31 Leather Archer Armor
37:40 Bracer
39:07 Parthian Tactics
40:19 Ring Archer Armor
40:14 Conscription
39:57 Stone Mining
40:50 Gold Shaft Mining
41:45 Bow Saw
41:57 Paladin
43:41 Thumb Ring
44:57 Two-Man Saw
43:45 Light Cavalry
44:29 Hussar
46:55 Corvinian Army
Vogrov
10:32 Feudal Age
8:56 Loom
11:19 Double-Bit Axe
11:14 Horse Collar
11:58 Horse Collar
21:32 Castle Age
20:05 Scale Barding Armor
20:03 Gold Mining
21:22 Forging
22:42 Wheelbarrow
23:17 Bow Saw
23:28 Heavy Plow
24:02 Bloodlines
24:42 Iron Casting
24:27 Chain Barding Armor
26:26 Gold Shaft Mining
25:43 Stone Mining
28:03 Hand Cart
31:18 Imperial Age
29:56 Town Watch
31:21 Elite Steppe Lancer
33:21 Two-Man Saw
32:52 Crop Rotation
33:33 Blast Furnace
33:36 Plate Barding Armor
33:58 Conscription
34:21 Steppe Husbandry
46:44 Light Cavalry
47:34 Cuman Mercenaries
47:45 Hussar
boomer2000
11:22 Feudal Age
12:36 Double-Bit Axe
12:32 Horse Collar
15:36 Castle Age
16:34 Bow Saw
16:42 Heavy Plow
17:31 Fletching
20:31 Wheelbarrow
21:05 Loom
24:34 Hand Cart
28:52 Imperial Age
26:48 Fortified Wall
26:45 Town Watch
27:55 Thumb Ring
27:10 Crossbowman
27:52 Padded Archer Armor
27:45 Fletching
28:52 Ballistics
28:44 Masonry
29:13 Bodkin Arrow
29:34 Leather Archer Armor
29:23 Squires
29:13 Arson
28:54 Elite Skirmisher
30:43 Chemistry
29:05 Arbalester
31:34 Two-Man Saw
30:29 Gold Mining
30:35 Stone Mining
32:02 Stone Shaft Mining
32:05 Gold Shaft Mining
31:06 Halberdier
31:53 Bracer
32:52 Scale Mail Armor
33:02 Forging
36:28 Chain Mail Armor
36:49 Iron Casting
36:44 Ring Archer Armor
39:15 Plate Mail Armor
39:46 Blast Furnace
40:21 Siege Engineers
40:22 Torsion Engines
43:46 Architecture
43:16 Murder Holes
43:44 Conscription
xvadash
8:25 Loom
10:50 Feudal Age
15:20 Castle Age
13:49 Horse Collar
15:19 Double-Bit Axe
29:23 Scale Mail Armor
29:33 Forging
34:39 Imperial Age
33:15 Chain Mail Armor
34:01 Iron Casting
36:40 Blast Furnace
36:14 Fortified Wall
35:31 Elite Teutonic Knight
36:47 Plate Mail Armor
42:31 Wheelbarrow
Connection lost

Rejoining the realm…

Still unreachable

The connection could not be restored.

Session expired

The server has moved on; the page needs a fresh start.